Map: Dusk Towers

Players

Honor

  • Race: Zerg Zerg

A.I. 1 (Very Easy) - Winner!

  • Race: Terran Terran

VOD

Have the link to the VOD?

Description

Time

  • Played on: Nov. 12, 2015, 5:03 p.m.
  • Length: 2:49
Show
View Real Time Build Order
Export as new Build Order

Honor Zerg 

Build Orders: Hatch First 

Get SALT Encoding   

  12  0:01  Drone  
  13  0:08  Drone  
  14  0:15  Extractor  
  14  0:16  Drone  
  15  0:38  Hatchery  
  14  0:44  Extractor  
  14  0:46  Drone  
  15  0:59  Spawning Pool  
  14  1:06  Extractor  
  14  1:08  Drone, Extractor  
  14  1:10  Drone  
  16  1:16  Overlord  
  16  1:35  Drone x2  
  18  1:40  Drone  
  19  1:47  Queen  
  19  1:50  Queen  
  19  1:52  Zergling x2  
  25  1:54  Drone  
  25  2:01  Overlord  
  25  2:02  Drone  
  26  2:12  Drone  
  26  2:13  Drone  
  32  2:35  Drone  
  32  2:36  Drone  
Show
View Real Time Build Order
Export as new Build Order

A.I. 1 (Very Easy) Terran - Winner!

Build Orders:  

Get SALT Encoding   

  12  0:00  SCV  
  13  0:13  SCV  
  14  0:19  Supply Depot  
  14  0:37  Refinery  
  14  0:42  Barracks  
  14  1:03  Supply Depot  
  14  1:12  Refinery  
  14  1:28  SCV  
  14  1:29  Marine  
  16  1:40  SCV  
  17  1:53  SCV  
  18  2:02  Marine  
  18  2:05  SCV  
  20  2:17  SCV  
  21  2:29  SCV  
Tags
 
Add a new tag
Caveats
  • Supply blocks, unpowered buildings, or Contaminate may cause inaccurate times.
  • Supply counts are checked every 10 seconds.